 Dungeon Crawl Stone Soup version 0.28-b1-70-g80dc712255 (webtiles) character file.

Game seed: 753941434021669553

1096 adizb the Sneak (level 8, -5/54 HPs)
             Began as an Octopode Fighter on Feb 3, 2022.
             Killed by an exploding gnoll shaman (22 damage)
             ... ignited by their inner flame
             ... on level 4 of the Dungeon.
             The game lasted 00:18:12 (3386 turns).

adizb the Sneak (Octopode Fighter)                  Turns: 3386, Time: 00:18:12

Health: -5/54      AC:  5    Str: 15    XL:     8   Next: 31%
Magic:  8/8        EV: 14    Int: 14    God:
Gold:   171        SH:  8    Dex: 14    Spells: 7/7 levels left

rFire   . . .      SeeInvis .   a - +0 rapier
rCold   . . .      Faith    .   b - +3 buckler
rNeg    + . .      Spirit   .   (helmet restricted)
rPois   .          Reflect  .   s - amulet of the acrobat
rElec   .          Harm     .   f - +4 ring of protection
rCorr   .          Rampage  .   e - ring of Attitude {Wiz rN+ Int+4}
Will    .....                   (no ring)
Stlth   +++++.....              (no ring)
HPRegen 0.18/turn               (no ring)
MPRegen 0.11/turn               (no ring)
                                (no ring)
                                (no ring)

@: about to teleport
A: almost no armour, amphibious, 8 rings, camouflage 1, gelatinous body 1,
(nimble swimmer 1), tentacles
a: no special abilities


You were on level 4 of the Dungeon.
You visited 1 branch of the dungeon, and saw 4 of its levels.
You also visited: Sewer.

You collected 171 gold pieces.

Inventory:

Hand Weapons
 a - a +0 rapier (weapon)
Armour
 b - a +3 buckler (worn)
Jewellery
 e - the ring of Attitude (right tentacle) {Wiz rN+ Int+4}
   (You found it on level 2 of the Dungeon)

   [ring of wizardry]

   It improves your spell success rate.
   Int:       It affects your intelligence (+4).
   rN:        It protects you from negative energy.
 f - a +4 ring of protection (left tentacle)
 s - an amulet of the acrobat (around mantle)
Wands
 r - a wand of digging (7)
Scrolls
 k - 2 scrolls of fog {unknown}
 q - a scroll of silence {unknown}
Potions
 c - a potion of might
 d - 2 potions of haste {unknown}
 g - a potion of attraction
 h - a potion of cancellation {unknown}
 i - a potion of magic {unknown}
 j - a potion of degeneration {unknown}
 l - a potion of curing {unknown}
 m - a potion of berserk rage
 n - a potion of brilliance


   Skills:
 + Level 4.8 Fighting
 + Level 4.5 Short Blades
 + Level 4.8 Dodging
 * Level 7.6 Stealth
 + Level 4.8 Shields


You had 7 spell levels left.
You didn't know any spells.
Your spell library contained the following spells:

 Spells                   Type           Power      Damage    Failure   Level
 Ozocubu's Armour         Ice            0%         N/A       38%         3
 Fireball                 Conj/Fire      0%         3d3       98%         5
 Iskenderun's Battlesphe  Conj           0%         2d6       98%         5
 Metabolic Englaciation   Hex/Ice        0%         N/A       98%         5
 Conjure Ball Lightning   Conj/Air       0%         3x3d6     100%        6
 Simulacrum               Ice/Necr       0%         N/A       100%        6
 Orb of Destruction       Conj           0%         9d5       100%        7


Dungeon Overview and Level Annotations

Branches:
Dungeon (4/15)              Sewer (visited)
 Temple: D:4-7

Altars:
Qazlal


Innate Abilities, Weirdness & Mutations

You cannot wear most types of armour.
You are amphibious.
You can wear up to eight rings at the same time.
Your skin changes colour to match your surroundings (Stealth+).
Your rubbery body absorbs attacks. (AC +1, EV +1)
((You are camouflaged when in or above water. (Stealth+)))
You have tentacles for arms and can constrict up to eight enemies at once.


Message History

You block the orc's attack.
A gnoll comes into view. It is wielding a +0 club.
The orc closely misses you.
You barely miss the orc. You grab the orc.
You constrict the orc, but do no damage.
The orc closely misses you.
You release your grip on the orc.
The gnoll hits you with a +0 whip! The orc hits you with a +0 war axe.
You barely miss the gnoll shaman. You grab the gnoll shaman.
You tentacle-slap the gnoll shaman, but do no damage.
You constrict the gnoll shaman. You block the gnoll's attack.
The gnoll shaman hits you with a +0 whip!
You hit the gnoll but do no damage. Your grab misses the gnoll.
You squeeze the gnoll!
The gnoll is almost dead.
You constrict the gnoll shaman. You block the gnoll's attack.
The orc hits you with a +0 war axe! Something hits you.
The gnoll shaman completely misses you.
As you read the scroll of teleportation, it crumbles to dust.
You feel strangely unstable.
You constrict the gnoll shaman. The gnoll misses you.
The orc hits you with a +0 war axe!
* * * LOW HITPOINT WARNING * * *
You hear some strange, mumbled words.
A puff of flame appears from out of thin air!
The puff of flame misses you. The gnoll closely misses you.
The gnoll shaman barely misses you.
Really read the scroll of immolation?
Uppercase [Y]es or [N]o only, please.
Really read the scroll of immolation?
As you read the scroll of immolation, it crumbles to dust.
The creatures around you are filled with an inner flame!
You constrict the gnoll shaman.
Flame seeps out of the gnoll shaman.
The gnoll barely misses you. You block the orc's attack.
Something hits you but does no damage.
The gnoll shaman is engulfed in blazing flames.
Flame seeps out of the gnoll shaman.
The gnoll shaman completely misses you.
You hit the gnoll shaman.
The gnoll shaman explodes!
The fiery explosion engulfs the gnoll!
The fiery explosion engulfs you!!
You die...

.'....#....##...# .....#
.#....#....##...##.....#
##...##..........#.....#
.#...##..........#.....#
.#...##....##....#.....#
.'...##....##....#.....#
.#.........##....#o....#
.#.........#....o{g....#
.#.........#...§@#...<.#
.#...########..§○#.....#
###### ..####§#))...##
.# ................. .#
................. .#
..........g...... ##
................. #
###..............
#######.g...###


You could see a gnoll (inner flame) and 2 orcs.

Vanquished Creatures
  Grinder (D:3)
  Sigmund (D:3)
  A sky beast (D:3)
  2 necrophages (D:4)
  An ogre (D:4)
  Blork the orc (D:4)
  Crazy Yiuf (D:2)
  A gnoll shaman (D:4)
  A hell rat (Sewer)
  Natasha (thrice) (D:2)
  6 adders
  2 gnolls
  5 river rats
  3 worms
  3 dart slugs
  2 orcs (D:4)
  5 bats
  9 endoplasms
  5 giant cockroaches
  6 goblins
  16 hobgoblins
  2 jackals (D:3)
  3 quokkas
  6 ball pythons
  3 frilled lizards
  3 kobolds
  12 rats
104 creatures vanquished.

Notes
Turn   | Place    | Note
-------+----------+-------------------------------------------
     0 | D:1      | adizb the Octopode Fighter began the quest for the Orb.
     0 | D:1      | Reached XP level 1. HP: 16/16 MP: 1/1
    57 | D:1      | Reached skill level 1 in Stealth
    73 | D:1      | Reached XP level 2. HP: 20/21 MP: 2/2
   498 | D:1      | Reached skill level 2 in Stealth
   498 | D:1      | Reached XP level 3. HP: 20/26 MP: 3/3
   951 | D:2      | Noticed Natasha
   959 | D:2      | Killed Natasha
   960 | D:2      | Reached XP level 4. HP: 15/31 MP: 4/4
  1039 | D:2      | Noticed Natasha
  1048 | D:2      | Killed Natasha
  1049 | D:2      | Reached skill level 3 in Stealth
  1080 | D:2      | Found a runed translucent door.
  1081 | D:2      | Noticed Crazy Yiuf
  1091 | D:2      | Killed Crazy Yiuf
  1092 | D:2      | Reached XP level 5. HP: 10/36 MP: 5/5
  1380 | D:2      | Identified the ring of Attitude {Wiz rN+ Int+4}
  1533 | D:2      | Found a stormy altar of Qazlal.
  1588 | D:2      | Noticed Natasha
  1591 | D:2      | Killed Natasha
  1627 | D:2      | Found a faded altar of an unknown god.
  1667 | D:2      | Reached skill level 4 in Stealth
  2139 | D:3      | Noticed Grinder
  2151 | D:3      | Killed Grinder
  2152 | D:3      | Reached skill level 5 in Stealth
  2152 | D:3      | Reached XP level 6. HP: 43/43 MP: 6/6
  2689 | D:3      | Noticed Sigmund
  2778 | D:3      | Noticed a sky beast
  2786 | D:3      | Killed Sigmund
  2787 | D:3      | Reached skill level 6 in Stealth
  2787 | D:3      | Reached XP level 7. HP: 38/48 MP: 7/7
  3138 | D:4      | Found a glowing drain.
  3147 | Sewer    | Entered a sewer
  3170 | Sewer    | Reached XP level 8. HP: 54/54 MP: 8/8
  3271 | D:4      | Reached skill level 7 in Stealth
  3341 | D:4      | Noticed Blork the orc
  3349 | D:4      | Killed Blork the orc
  3386 | D:4      | Killed by an exploding gnoll shaman... ignited by their
                  | inner flame

Illustrated notes

Levels and vault maps discovered:
D:1:      minmay_arrival_solitary_statue, layout_basic, chequers_mini_garden,
          minmay_crystal_water, kennysheep_small_spiral
D:2:      layout_basic, chequers_ecumenical_altar_twisty, basic_altar,
          minmay_small_reverse_x, uniq_natasha, uniq_crazy_yiuf_cottage
D:3:      layout_basic, dk_vineyard_2, uniq_sigmund, uniq_grinder
D:4:      layout_gridville, nicolae_ashenzari_skybound,
          lightli_sewer_entry_pipes, uniq_blork_the_orc

Skill      XL: |  1  2  3  4  5  6  7  8 |
---------------+-------------------------+-----
Stealth        | 1 2 3 5 6 7 |  7.6
Short Blades   | 3 4 |  4.5
Fighting       | 4 |  4.8
Dodging        | 4 |  4.8
Shields        | 4 |  4.8

Action                   |  1- 3 |  4- 6 |  7- 9 || total
-------------------------+-------+-------+-------++-------
Melee: Rapier            |    62 |    62 |    64 ||   188
       Tentacles         |     9 |    15 |    13 ||    37
       Constrict         |    11 |    12 |    13 ||    36
       Punch             |     1 |     1 |     1 ||     3
  Use: Scroll            |     2 |     2 |     4 ||     8
 Stab: Sleeping          |    11 |    17 |    13 ||    41
Armor: Skin              |     6 |     7 |     7 ||    20
Dodge: Dodged            |    22 |    26 |    30 ||    78
Block: Buckler           |     6 |    16 |    12 ||    34
